Maple Leafs vs Canucks
Created - January 22, 2024 at 10:23
Goals
|
| Maple Leafs |
0 |
0 |
3 |
3 |
| Canucks |
4 |
0 |
0 |
4 |
|
Shots
|
| Maple Leafs |
7 |
10 |
11 |
28 |
| Canucks |
13 |
7 |
3 |
23 |
|
1st period
1. Canucks , Ilya Kovalchuk 6 (Oliver Ekman-Larsson 20, Derek Roy 10) at 3:20
2. Canucks , Robert Nilsson 12 (Oliver Ekman-Larsson 21, Chris Bourque 13) at 10:59
3. Canucks , Ilya Kovalchuk 7 (Derek Roy 11, Tyler Myers 6) at 19:18
4. Canucks , Lawson Crouse 9 (Alexander Kerfoot 35) at 19:28
Penalties :
Alexander Kerfoot (Van) for Hooking (Minor) at 3:44, Oliver Ekman-Larsson (Van) for Holding (Minor) at 12:33
2nd period
No Goal
Penalties :
Tyler Myers (Van) for Fighting (Major) at 1:34, Luke Schenn (TOR) for Fighting (Major) at 1:34, Lawson Crouse (Van) for Interference (Minor) at 5:24, Zach Werenski (TOR) for High sticking (Minor) at 8:38, Derek Roy (Van) for Fighting (Major) at 14:50, Jon Merrill (TOR) for Fighting (Major) at 14:50, Chris Bourque (Van) for Roughing (Minor) at 19:03
3rd period
5. Maple Leafs , Aleksander Barkov 9 (Luke Schenn 8, Pavel Francouz) at 8:02
6. Maple Leafs , Elias Pettersson 9 (Ben Smith 17, Bo Horvat 26) at 15:25
7. Maple Leafs , Nicholas Baptiste 4 (Tye McGinn 4, Patrice Cormier 3) at 18:06
Penalties :
Evander Kane (TOR) for Tripping (Minor) at 5:33, Denis Gurianov (Van) for Holding (Minor) at 19:20
Goalie Stats
Kristers Gudlevskis (TOR), 9 saves from 13 shots - (0.692), L, 19-8-3, 19:28 minutes
Pavel Francouz (TOR), 10 saves from 10 shots - (1.000), 39:43 minutes
Petr Mrazek (Van), 25 saves from 28 shots - (0.893), W, 21-10-2, 60:00 minutes
Players Stats for Maple Leafs
Player Name G A P +/- PIM S H SB GA TA FO MP PP MP PK MP
------------------------------------------------------------------------------------
Aleksander Barkov 1 0 1 -1 0 3 3 1 0 0 5/11 15:03 3:31 2:20
Andre Burakovsky 0 0 0 -1 0 4 3 0 0 1 0/0 21:22 4:12 0:00
Ben Smith 0 1 1 1 0 0 0 0 0 0 1/1 18:09 3:31 1:50
Bo Horvat 0 1 1 -1 0 3 6 0 0 0 11/30 22:36 4:13 1:08
Brandon Saad 0 0 0 -1 0 0 6 0 1 0 0/0 10:37 0:45 1:00
Brenden Dillon 0 0 0 2 0 0 4 0 0 0 0/0 18:14 0:17 1:55
Elias Pettersson 1 0 1 1 0 7 0 1 0 0 4/11 13:06 0:42 0:00
Evander Kane 0 0 0 1 2 1 1 0 1 0 0/1 16:43 3:29 0:27
Haydn Fleury 0 0 0 1 0 1 0 0 0 2 0/0 13:46 0:00 0:00
Jason Zucker 0 0 0 -1 0 2 3 0 1 0 1/1 21:25 4:12 0:03
John Klingberg 0 0 0 -2 0 3 2 3 1 1 0/0 24:07 5:32 2:03
Jon Merrill 0 0 0 -1 5 0 1 0 0 0 0/0 20:13 2:46 2:03
Luke Schenn 0 1 1 -1 5 0 1 0 0 1 0/0 19:56 2:29 1:55
Nicholas Baptiste 1 0 1 0 0 1 1 0 0 0 0/0 8:58 0:43 0:00
Patrice Cormier 0 1 1 0 0 0 2 0 0 0 1/4 9:19 0:43 0:00
Pontus Aberg 0 0 0 -1 0 1 3 0 0 0 0/0 9:22 0:09 0:00
Tye McGinn 0 1 1 0 0 1 0 0 1 0 0/1 9:54 0:09 1:08
Zach Werenski 0 0 0 -1 2 1 4 3 0 0 0/0 23:08 5:32 0:00
Players Stats for Canucks
Player Name G A P +/- PIM S H SB GA TA FO MP PP MP PK MP
------------------------------------------------------------------------------------
Alex Tuch 0 0 0 -1 0 0 1 0 0 0 0/0 7:40 0:32 0:00
Alexander Kerfoot 0 1 1 1 2 2 2 1 0 0 17/30 20:32 1:18 0:00
Ben Harpur 0 0 0 -1 0 0 0 0 0 1 0/0 14:53 0:51 2:02
Brent Seabrook 0 0 0 -1 0 1 1 0 0 1 0/0 14:50 0:00 3:08
Chris Bourque 0 1 1 -1 2 2 2 1 0 1 0/0 17:12 2:12 1:57
Denis Gurianov 0 0 0 -1 2 3 0 2 0 0 1/1 14:49 2:00 0:00
Derek Roy 0 2 2 2 5 0 0 0 0 0 2/3 11:08 0:33 2:31
Gilbert Brule 0 0 0 -1 0 0 0 0 1 0 2/5 10:08 0:58 1:28
Ilya Kovalchuk 2 0 2 2 0 3 1 0 0 1 0/0 8:27 0:00 0:00
J.T. Miller 0 0 0 1 0 3 3 1 0 0 2/2 26:14 1:25 5:57
Jeremy Morin 0 0 0 2 0 0 1 0 0 0 0/0 8:59 0:00 0:32
Lawson Crouse 1 0 1 1 2 4 1 1 0 0 0/1 20:02 1:06 0:00
Oliver Ekman-Larsson 0 2 2 2 2 2 3 2 1 1 0/0 26:26 2:30 4:25
Robert Nilsson 1 0 1 -1 0 2 4 0 0 0 13/18 19:17 1:50 4:55
Teemu Hartikainen 0 0 0 -1 0 0 1 0 1 0 0/0 6:55 0:00 0:00
Tony DeAngelo 0 0 0 0 0 0 0 0 1 0 0/0 18:23 1:28 0:19
Travis Hamonic 0 0 0 2 0 1 0 0 1 0 0/0 28:03 2:30 6:05
Tyler Myers 0 1 1 0 5 0 0 0 0 0 0/0 17:44 0:37 1:25
3 Stars
1 - Ilya Kovalchuk (Van)
2 - Oliver Ekman-Larsson (Van)
3 - Robert Nilsson (Van)
Power Play
Maple Leafs - 0 on 5 Attempt(s) - 0.00%
Canucks - 0 on 2 Attempt(s) - 0.00%
Penalty Kill
Maple Leafs - 2 on 2 Attempt(s) - 100.00%
- Score 0 goal in Penalty Kill
Canucks - 5 on 5 Attempt(s) - 100.00%
- Score 0 goal in Penalty Kill
Team Stat
Maple Leafs - Hits : 40 - Faceoff Wins : 23 - Blocked Shots : 8 - Penalty Minutes : 14
Canucks - Hits : 20 - Faceoff Wins : 37 - Blocked Shots : 8 - Penalty Minutes : 20
Official
Referees : Ghislain Hebert and Dan O'Rourke
Linesman : Shandor Alphonso and Brian Mach
Game Notes
Pavel Francouz enters game at 19:28 of 1st period
Luke Schenn beats up Tyler Myers at 1:34 of 2nd period
Derek Roy beats up Jon Merrill at 14:50 of 2nd period
Finance
Level 1 -- Attendance: 6000 (100.00%) -- Ticket Income $600,000
Level 2 -- Attendance: 5000 (100.00%) -- Ticket Income $300,000
Level 3 -- Attendance: 1833 (91.65%) -- Ticket Income $64,155
Level 4 -- Attendance: 3961 (99.03%) -- Ticket Income $99,025
Luxury Box -- Attendance: 961 (96.10%) -- Ticket Income $192,200
Game was played at the Rodgers Arena.
Total Attendance: 17755 (98.64%)
Total Ticket Income: $1,255,380
Other Income: $188,307
Total Income: $1,443,687
Maple Leafs
5 vs 5 Forward
Center Left Wing Right Wing Time % Phy DF OF
1 Bo Horvat Jason Zucker Andre Burakovsky 40 1 1 3
2 Elias Pettersson Evander Kane Ben Smith 30 1 2 2
3 Aleksander Barkov Brandon Saad Pontus Aberg 20 1 2 2
4 Patrice Cormier Tye McGinn Nicholas Baptiste 10 1 2 2
5 vs 5 Defense
Defense Defense Time % Phy DF OF
1 Jon Merrill Zach Werenski 40 1 3 1
2 Luke Schenn John Klingberg 30 1 3 1
3 Brenden Dillon Haydn Fleury 20 1 3 1
4 Jon Merrill John Klingberg 10 1 3 1
PowerPlay Forward
Center Left Wing Right Wing Time % Phy DF OF
1 Bo Horvat Jason Zucker Andre Burakovsky 60 0 1 4
2 Aleksander Barkov Evander Kane Ben Smith 40 0 1 4
PowerPlay Defense
Defense Defense Time % Phy DF OF
1 John Klingberg Zach Werenski 60 0 2 3
2 Jon Merrill Luke Schenn 40 0 2 3
Penalty Kill 4 Players Forward
Center Wing Time % Phy DF OF
1 Aleksander Barkov Ben Smith 60 1 3 1
2 Bo Horvat Tye McGinn 40 1 3 1
Penalty Kill 4 Players Defense
Defense Defense Time % Phy DF OF
1 Jon Merrill John Klingberg 60 1 4 0
2 Luke Schenn Brenden Dillon 40 1 4 0
Penalty Kill - 3 Players Forward
Forward Time % Phy DF OF
1 Aleksander Barkov 60 1 3 1
2 Bo Horvat 40 1 3 1
Penalty Kill - 3 Players Defense
Defense Defense Time % Phy DF OF
1 Jon Merrill John Klingberg 60 1 4 0
2 Luke Schenn Brenden Dillon 40 1 4 0
4 vs 4 Forward
Center Wing Time % Phy DF OF
1 Aleksander Barkov Ben Smith 60 1 2 2
2 Bo Horvat Tye McGinn 40 1 2 2
4 vs 4 Defense
Defense Defense Time % Phy DF OF
1 Jon Merrill John Klingberg 60 1 3 1
2 Luke Schenn Brenden Dillon 40 1 3 1
Last Minutes Offensive
Center Left Wing Right Wing Defense Defense
Bo Horvat Jason Zucker Andre Burakovsky John Klingberg Zach Werenski
Last Minutes Defensive
Center Left Wing Right Wing Defense Defense
Aleksander Barkov Evander Kane Ben Smith Jon Merrill Haydn Fleury
Goaltenders
Starting : Kristers Gudlevskis
Backup : Pavel Francouz
Extra Forwards
Normal : Elias Pettersson, Ben Smith, Andre Burakovsky - PP : Elias Pettersson, Jason Zucker - PK : Brandon Saad
Extra Defensemen
Normal : Zach Werenski, Brenden Dillon, Luke Schenn - PP : Brenden Dillon - PK : Zach Werenski, Haydn Fleury
Penalty Shots
Andre Burakovsky, Elias Pettersson, Evander Kane, John Klingberg, Aleksander Barkov
Custom OT Lines Forwards
Aleksander Barkov, Bo Horvat, Evander Kane, Andre Burakovsky, Elias Pettersson, Jason Zucker, Ben Smith, Nicholas Baptiste, Tye McGinn, Brandon Saad
Custom OT Lines Defensemen
Jon Merrill, John Klingberg, Zach Werenski, Luke Schenn, Brenden Dillon
Scratches
Brett Pesce (Healthy), Valentin Zykov (Healthy)
Canucks
5 vs 5 Forward
Center Left Wing Right Wing Time % Phy DF OF
1 Alexander Kerfoot J.T. Miller Lawson Crouse 56 1 2 2
2 Robert Nilsson Chris Bourque Denis Gurianov 30 1 2 2
3 Derek Roy Jeremy Morin Ilya Kovalchuk 10 1 2 2
4 Gilbert Brule Teemu Hartikainen Alex Tuch 4 1 2 2
5 vs 5 Defense
Defense Defense Time % Phy DF OF
1 Oliver Ekman-Larsson Travis Hamonic 56 1 2 2
2 Tyler Myers Tony DeAngelo 30 1 2 2
3 Ben Harpur Brent Seabrook 10 1 2 2
4 Oliver Ekman-Larsson Travis Hamonic 4 1 2 2
PowerPlay Forward
Center Left Wing Right Wing Time % Phy DF OF
1 Alexander Kerfoot J.T. Miller Denis Gurianov 60 1 2 2
2 Robert Nilsson Chris Bourque Lawson Crouse 40 1 2 2
PowerPlay Defense
Defense Defense Time % Phy DF OF
1 Oliver Ekman-Larsson Travis Hamonic 60 1 2 2
2 Ben Harpur Tony DeAngelo 40 1 2 2
Penalty Kill 4 Players Forward
Center Wing Time % Phy DF OF
1 Robert Nilsson J.T. Miller 60 1 2 2
2 Derek Roy Chris Bourque 40 1 2 2
Penalty Kill 4 Players Defense
Defense Defense Time % Phy DF OF
1 Oliver Ekman-Larsson Travis Hamonic 60 1 2 2
2 Tyler Myers Brent Seabrook 40 1 2 2
Penalty Kill - 3 Players Forward
Forward Time % Phy DF OF
1 Robert Nilsson 60 1 2 2
2 Derek Roy 40 1 2 2
Penalty Kill - 3 Players Defense
Defense Defense Time % Phy DF OF
1 Oliver Ekman-Larsson Travis Hamonic 60 1 2 2
2 Tyler Myers Brent Seabrook 40 1 2 2
4 vs 4 Forward
Center Wing Time % Phy DF OF
1 Alexander Kerfoot J.T. Miller 60 1 2 2
2 Robert Nilsson Lawson Crouse 40 1 2 2
4 vs 4 Defense
Defense Defense Time % Phy DF OF
1 Oliver Ekman-Larsson Travis Hamonic 60 1 2 2
2 Tyler Myers Tony DeAngelo 40 1 2 2
Last Minutes Offensive
Center Left Wing Right Wing Defense Defense
Alexander Kerfoot J.T. Miller Denis Gurianov Oliver Ekman-Larsson Travis Hamonic
Last Minutes Defensive
Center Left Wing Right Wing Defense Defense
Alexander Kerfoot J.T. Miller Denis Gurianov Oliver Ekman-Larsson Travis Hamonic
Goaltenders
Starting : Petr Mrazek
Backup : Matt Hackett
Extra Forwards
Normal : Gilbert Brule, Chris Bourque, Alex Tuch - PP : Gilbert Brule, Chris Bourque - PK : Gilbert Brule
Extra Defensemen
Normal : Brent Seabrook, Ben Harpur, Tony DeAngelo - PP : Brent Seabrook - PK : Brent Seabrook, Ben Harpur
Penalty Shots
J.T. Miller, Robert Nilsson, Alexander Kerfoot, Lawson Crouse, Denis Gurianov
Custom OT Lines Forwards
J.T. Miller, Robert Nilsson, Derek Roy, Ilya Kovalchuk, Gilbert Brule, Chris Bourque, Alex Tuch, Jeremy Morin, Alexander Kerfoot, Lawson Crouse
Custom OT Lines Defensemen
Oliver Ekman-Larsson, Travis Hamonic, Tyler Myers, Brent Seabrook, Tony DeAngelo
Scratches
None
% Time on Ice - Maple Leafs
Lines # - Real PCT - Wanted PCT - Time Play
Normal Forward
1 - 37% - 40% - 17:14
2 - 26% - 30% - 12:25
3 - 19% - 20% - 8:48
4 - 18% - 10% - 8:36
Normal Defense
1 - 36% - 40% - 16:45
2 - 33% - 30% - 15:30
3 - 29% - 20% - 13:32
4 - 3% - 10% - 1:16
PP Forward
1 - 55% - 60% - 4:41
2 - 45% - 40% - 3:54
PP Defense
1 - 64% - 60% - 5:32
2 - 36% - 40% - 3:03
PK Forward
1 - 71% - 60% - 2:50
2 - 29% - 40% - 1:08
PK Defense
1 - 52% - 60% - 2:03
2 - 48% - 40% - 1:55
PK3 Forward
1 - 0% - 60%
2 - 0% - 40%
PK3 Defense
1 - 0% - 60%
2 - 0% - 40%
44 Forward
1 - 0% - 60%
2 - 0% - 40%
44 Defense
1 - 0% - 60%
2 - 0% - 40%
Last Minute Offensive - 0:24
Last Minute Defensive - 0:00
Total
Forward - 60:00
Defense - 60:00
|
% Time on Ice - Canucks
Lines # - Real PCT - Wanted PCT - Time Play
Normal Forward
1 - 40% - 56% - 18:57
2 - 27% - 30% - 12:43
3 - 18% - 10% - 8:27
4 - 15% - 4% - 6:55
Normal Defense
1 - 44% - 56% - 20:28
2 - 36% - 30% - 17:08
3 - 20% - 10% - 9:26
4 - 0% - 4% - 0:00
PP Forward
1 - 54% - 60% - 2:08
2 - 46% - 40% - 1:50
PP Defense
1 - 63% - 60% - 2:30
2 - 37% - 40% - 1:28
PK Forward
1 - 78% - 60% - 6:41
2 - 22% - 40% - 1:54
PK Defense
1 - 75% - 60% - 6:24
2 - 25% - 40% - 2:11
PK3 Forward
1 - 0% - 60%
2 - 0% - 40%
PK3 Defense
1 - 0% - 60%
2 - 0% - 40%
44 Forward
1 - 0% - 60%
2 - 0% - 40%
44 Defense
1 - 0% - 60%
2 - 0% - 40%
Last Minute Offensive - 0:00
Last Minute Defensive - 0:25
Total
Forward - 60:00
Defense - 60:00
|
Play-by-Play
1st period
0:01 of 1st period - Bo Horvat wins face-off versus Alexander Kerfoot in neutral zone.
0:14 of 1st period - Wrist shot by J.T. Miller.
0:14 of 1st period - Deflect By Alexander Kerfoot.
0:14 of 1st period - Stopped by Kristers Gudlevskis without a rebound.
0:15 of 1st period - Robert Nilsson wins face-off versus Elias Pettersson in Maple Leafs zone.
0:32 of 1st period - Snap shot by Denis Gurianov.
0:32 of 1st period - Shot Misses the Net.
0:56 of 1st period - Snap shot by J.T. Miller.
0:56 of 1st period - Shot Misses the Net.
0:58 of 1st period - Snap shot by J.T. Miller.
0:58 of 1st period - Stopped by Kristers Gudlevskis with a rebound.
1:05 of 1st period - Icing by Brandon Saad.
1:06 of 1st period - Bo Horvat wins face-off versus Derek Roy in Maple Leafs zone.
1:33 of 1st period - Zach Werenski is hit by Oliver Ekman-Larsson and loses puck.
1:58 of 1st period - Wrist shot by Teemu Hartikainen.
1:58 of 1st period - Deflect By Zach Werenski.
1:58 of 1st period - Shot Misses the Net.
1:58 of 1st period - Puck is out of play.
1:59 of 1st period - Gilbert Brule wins face-off versus Elias Pettersson in Maple Leafs zone.
2:48 of 1st period - Snap shot by Pontus Aberg.
2:48 of 1st period - Shot Blocked by Chris Bourque.
3:20 of 1st period - Snap shot by Oliver Ekman-Larsson.
3:20 of 1st period - Deflect By Ilya Kovalchuk.
3:20 of 1st period - Goal by Ilya Kovalchuk - Maple Leafs : 0 - Canucks : 1.
3:21 of 1st period - Alexander Kerfoot wins face-off versus Bo Horvat in neutral zone.
3:38 of 1st period - Wrist shot by Andre Burakovsky.
3:38 of 1st period - Shot Misses the Net.
3:44 of 1st period - Minor Penalty to Alexander Kerfoot for Hooking.
3:45 of 1st period - Bo Horvat wins face-off versus Robert Nilsson in Canucks zone.
3:54 of 1st period - Backhand shot by John Klingberg.
3:54 of 1st period - Stopped by Petr Mrazek with a rebound.
3:56 of 1st period - Slapshot by John Klingberg.
3:56 of 1st period - Deflect By J.T. Miller.
3:56 of 1st period - Stopped by Petr Mrazek with a rebound.
3:58 of 1st period - Slapshot by John Klingberg.
3:58 of 1st period - Deflect By Andre Burakovsky.
3:58 of 1st period - Stopped by Petr Mrazek without a rebound.
3:59 of 1st period - Robert Nilsson wins face-off versus Bo Horvat in Canucks zone.
4:08 of 1st period - Slapshot by Oliver Ekman-Larsson.
4:08 of 1st period - Shot Misses the Net.
4:10 of 1st period - Wrist shot by J.T. Miller.
4:10 of 1st period - Shot Blocked by Zach Werenski.
5:44 of 1st period - Penalty to Alexander Kerfoot is over, Alexander Kerfoot is back on ice.
6:01 of 1st period - Nicholas Baptiste is hit by Jeremy Morin and loses puck.
6:48 of 1st period - Jon Merrill is hit by Oliver Ekman-Larsson and loses puck.
7:18 of 1st period - Slapshot by Travis Hamonic.
7:18 of 1st period - Shot Blocked by Zach Werenski.
7:20 of 1st period - Wrist shot by Lawson Crouse.
7:20 of 1st period - Stopped by Kristers Gudlevskis with a rebound.
7:22 of 1st period - Slapshot by Brent Seabrook.
7:22 of 1st period - Shot Misses the Net.
8:56 of 1st period - Tyler Myers is hit by Brandon Saad and loses puck.
9:16 of 1st period - Tyler Myers is hit by Jon Merrill and loses puck.
9:29 of 1st period - Brent Seabrook is hit by Patrice Cormier and loses puck.
10:03 of 1st period - Wrist shot by Ben Smith.
10:03 of 1st period - Shot Misses the Net.
10:14 of 1st period - Off-side.
10:15 of 1st period - Derek Roy wins face-off versus Aleksander Barkov in neutral zone.
10:19 of 1st period - Snap shot by Oliver Ekman-Larsson.
10:19 of 1st period - Shot Blocked by John Klingberg.
10:21 of 1st period - Slapshot by Oliver Ekman-Larsson.
10:21 of 1st period - Shot Misses the Net.
10:23 of 1st period - Slapshot by Oliver Ekman-Larsson.
10:23 of 1st period - Stopped by Kristers Gudlevskis without a rebound.
10:24 of 1st period - Bo Horvat wins face-off versus Alexander Kerfoot in Maple Leafs zone.
10:31 of 1st period - Wrist shot by Bo Horvat.
10:31 of 1st period - Stopped by Petr Mrazek with a rebound.
10:49 of 1st period - Snap shot by Chris Bourque.
10:49 of 1st period - Stopped by Kristers Gudlevskis with a rebound.
10:51 of 1st period - Slapshot by Chris Bourque.
10:51 of 1st period - Stopped by Kristers Gudlevskis with a rebound.
10:59 of 1st period - Snap shot by Robert Nilsson.
10:59 of 1st period - Goal by Robert Nilsson - Maple Leafs : 0 - Canucks : 2.
11:00 of 1st period - J.T. Miller wins face-off versus Elias Pettersson in neutral zone.
11:07 of 1st period - Slapshot by Zach Werenski.
11:07 of 1st period - Shot Blocked by Oliver Ekman-Larsson.
11:16 of 1st period - Icing by Elias Pettersson.
11:17 of 1st period - Ben Smith wins face-off versus Robert Nilsson in Maple Leafs zone.
11:17 of 1st period - Ben Smith is hit by Chris Bourque.
12:12 of 1st period - Slapshot by Ilya Kovalchuk.
12:12 of 1st period - Shot Misses the Net.
12:14 of 1st period - Wrist shot by Jeremy Morin.
12:14 of 1st period - Deflect By Ilya Kovalchuk.
12:14 of 1st period - Stopped by Kristers Gudlevskis with a rebound.
12:30 of 1st period - Wrist shot by Aleksander Barkov.
12:30 of 1st period - Stopped by Petr Mrazek without a rebound.
12:31 of 1st period - Alexander Kerfoot wins face-off versus Aleksander Barkov in Canucks zone.
12:33 of 1st period - Minor Penalty to Oliver Ekman-Larsson for Holding.
12:34 of 1st period - Bo Horvat wins face-off versus Robert Nilsson in Canucks zone.
12:34 of 1st period - Slapshot by Andre Burakovsky.
12:34 of 1st period - Shot Misses the Net.
12:41 of 1st period - Icing by John Klingberg.
12:42 of 1st period - Robert Nilsson wins face-off versus Bo Horvat in Maple Leafs zone.
12:51 of 1st period - Snap shot by J.T. Miller.
12:51 of 1st period - Shot Misses the Net.
14:23 of 1st period - Ben Harpur is hit by Aleksander Barkov and loses puck.
14:33 of 1st period - Penalty to Oliver Ekman-Larsson is over, Oliver Ekman-Larsson is back on ice.
15:05 of 1st period - Lawson Crouse is hit by Aleksander Barkov.
15:35 of 1st period - J.T. Miller is hit by Bo Horvat and loses puck.
16:32 of 1st period - J.T. Miller is hit by Pontus Aberg.
16:42 of 1st period - Derek Roy is hit by Brenden Dillon and loses puck.
16:55 of 1st period - Luke Schenn is hit by Chris Bourque and loses puck.
17:29 of 1st period - Brent Seabrook is hit by Brenden Dillon and loses puck.
17:44 of 1st period - Haydn Fleury is hit by Ilya Kovalchuk and loses puck.
18:09 of 1st period - Snap shot by Evander Kane.
18:09 of 1st period - Deflect By Elias Pettersson.
18:09 of 1st period - Stopped by Petr Mrazek with a rebound.
18:11 of 1st period - Slapshot by Haydn Fleury.
18:11 of 1st period - Deflect By Evander Kane.
18:11 of 1st period - Shot Misses the Net.
18:11 of 1st period - Puck is out of play.
18:12 of 1st period - Bo Horvat wins face-off versus Alexander Kerfoot in Canucks zone.
18:23 of 1st period - Slapshot by Jason Zucker.
18:23 of 1st period - Stopped by Petr Mrazek without a rebound.
18:24 of 1st period - Alexander Kerfoot wins face-off versus Bo Horvat in Canucks zone.
18:38 of 1st period - Jon Merrill is hit by Lawson Crouse.
19:18 of 1st period - Snap shot by Derek Roy.
19:18 of 1st period - Deflect By Ilya Kovalchuk.
19:18 of 1st period - Goal by Ilya Kovalchuk - Maple Leafs : 0 - Canucks : 3.
19:19 of 1st period - Alexander Kerfoot wins face-off versus Bo Horvat in neutral zone.
19:24 of 1st period - Wrist shot by Alexander Kerfoot.
19:24 of 1st period - Stopped by Kristers Gudlevskis without a rebound.
19:25 of 1st period - Alexander Kerfoot wins face-off versus Bo Horvat in Maple Leafs zone.
19:26 of 1st period - Snap shot by Lawson Crouse.
19:26 of 1st period - Stopped by Kristers Gudlevskis with a rebound.
19:28 of 1st period - Wrist shot by Lawson Crouse.
19:28 of 1st period - Goal by Lawson Crouse - Maple Leafs : 0 - Canucks : 4.
19:28 of 1st period - Pavel Francouz enters game.
19:29 of 1st period - Bo Horvat wins face-off versus Alexander Kerfoot in neutral zone.
Goals for this period are 0 for Maple Leafs vs 4 for Canucks.
Shots for this period are 7 for Maple Leafs vs 13 for Canucks.
2nd period
0:01 of 2nd period - Alexander Kerfoot wins face-off versus Bo Horvat in neutral zone.
0:04 of 2nd period - Wrist shot by J.T. Miller.
0:04 of 2nd period - Stopped by Pavel Francouz without a rebound.
0:05 of 2nd period - Alexander Kerfoot wins face-off versus Bo Horvat in Maple Leafs zone.
0:24 of 2nd period - J.T. Miller is hit by Zach Werenski and loses puck.
0:35 of 2nd period - Snap shot by Alexander Kerfoot.
0:35 of 2nd period - Shot Misses the Net.
1:05 of 2nd period - Slapshot by Andre Burakovsky.
1:05 of 2nd period - Deflect By J.T. Miller.
1:05 of 2nd period - Stopped by Petr Mrazek with a rebound.
1:07 of 2nd period - Slapshot by Zach Werenski.
1:07 of 2nd period - Shot Misses the Net.
1:09 of 2nd period - Snap shot by Jason Zucker.
1:09 of 2nd period - Shot Blocked by Oliver Ekman-Larsson.
1:15 of 2nd period - Snap shot by Bo Horvat.
1:15 of 2nd period - Shot Misses the Net.
1:17 of 2nd period - Wrist shot by Andre Burakovsky.
1:17 of 2nd period - Deflect By Bo Horvat.
1:17 of 2nd period - Shot Blocked by Lawson Crouse.
1:17 of 2nd period - Puck is out of play.
1:18 of 2nd period - Denis Gurianov wins face-off versus Elias Pettersson in Canucks zone.
1:34 of 2nd period - Luke Schenn beats up Tyler Myers.
1:34 of 2nd period - Penalty to Tyler Myers for Fighting.
1:34 of 2nd period - Penalty to Luke Schenn for Fighting.
1:35 of 2nd period - Robert Nilsson wins face-off versus Elias Pettersson in Maple Leafs zone.
1:42 of 2nd period - Snap shot by Robert Nilsson.
1:42 of 2nd period - Shot Misses the Net.
1:44 of 2nd period - Slapshot by Oliver Ekman-Larsson.
1:44 of 2nd period - Stopped by Pavel Francouz with a rebound.
1:46 of 2nd period - Slapshot by Robert Nilsson.
1:46 of 2nd period - Shot Blocked by Elias Pettersson.
2:02 of 2nd period - Travis Hamonic is hit by Brandon Saad and loses puck.
2:23 of 2nd period - Andre Burakovsky is hit by Alexander Kerfoot and loses puck.
2:44 of 2nd period - Teemu Hartikainen is hit by Zach Werenski.
2:45 of 2nd period - Icing by Teemu Hartikainen.
2:46 of 2nd period - Gilbert Brule wins face-off versus Patrice Cormier in Canucks zone.
3:11 of 2nd period - Lawson Crouse is hit by Andre Burakovsky.
3:51 of 2nd period - Icing by Jason Zucker.
3:52 of 2nd period - Robert Nilsson wins face-off versus Bo Horvat in Maple Leafs zone.
3:53 of 2nd period - Snap shot by Chris Bourque.
3:53 of 2nd period - Shot Misses the Net.
4:01 of 2nd period - Backhand shot by Andre Burakovsky.
4:01 of 2nd period - Shot Misses the Net.
5:00 of 2nd period - Snap shot by Bo Horvat.
5:00 of 2nd period - Shot Misses the Net.
5:18 of 2nd period - Wrist shot by Bo Horvat.
5:18 of 2nd period - Shot Misses the Net.
5:20 of 2nd period - Slapshot by Haydn Fleury.
5:20 of 2nd period - Stopped by Petr Mrazek without a rebound.
5:21 of 2nd period - Elias Pettersson wins face-off versus Alexander Kerfoot in Canucks zone.
5:22 of 2nd period - Snap shot by Evander Kane.
5:22 of 2nd period - Shot Blocked by J.T. Miller.
5:24 of 2nd period - Minor Penalty to Lawson Crouse for Interference.
5:25 of 2nd period - Aleksander Barkov wins face-off versus Gilbert Brule in Canucks zone.
6:34 of 2nd period - Penalty to Tyler Myers is over, Tyler Myers is back on ice.
6:41 of 2nd period - Brent Seabrook is hit by Brandon Saad.
7:24 of 2nd period - Penalty to Lawson Crouse is over, Lawson Crouse is back on ice.
7:33 of 2nd period - Icing by Teemu Hartikainen.
7:34 of 2nd period - Patrice Cormier wins face-off versus Gilbert Brule in Canucks zone.
7:35 of 2nd period - Snap shot by Pontus Aberg.
7:35 of 2nd period - Shot Misses the Net.
8:38 of 2nd period - Minor Penalty to Zach Werenski for High sticking.
8:39 of 2nd period - Alexander Kerfoot wins face-off versus Aleksander Barkov in Maple Leafs zone.
8:41 of 2nd period - Slapshot by Alexander Kerfoot.
8:41 of 2nd period - Shot Misses the Net.
10:38 of 2nd period - Penalty to Zach Werenski is over, Zach Werenski is back on ice.
11:21 of 2nd period - Alex Tuch is hit by Bo Horvat and loses puck.
11:36 of 2nd period - Gilbert Brule is hit by Brandon Saad and loses puck.
12:24 of 2nd period - Snap shot by Andre Burakovsky.
12:24 of 2nd period - Stopped by Petr Mrazek without a rebound.
12:25 of 2nd period - Alexander Kerfoot wins face-off versus Bo Horvat in Canucks zone.
12:33 of 2nd period - Slapshot by Tyler Myers.
12:33 of 2nd period - Deflect By Lawson Crouse.
12:33 of 2nd period - Stopped by Pavel Francouz with a rebound.
12:35 of 2nd period - Slapshot by Travis Hamonic.
12:35 of 2nd period - Stopped by Pavel Francouz without a rebound.
12:36 of 2nd period - Alexander Kerfoot wins face-off versus Elias Pettersson in Maple Leafs zone.
13:09 of 2nd period - Slapshot by Robert Nilsson.
13:09 of 2nd period - Shot Blocked by John Klingberg.
13:11 of 2nd period - Wrist shot by Robert Nilsson.
13:11 of 2nd period - Stopped by Pavel Francouz with a rebound.
13:13 of 2nd period - Slapshot by Travis Hamonic.
13:13 of 2nd period - Shot Misses the Net.
13:15 of 2nd period - Snap shot by Robert Nilsson.
13:15 of 2nd period - Deflect By Denis Gurianov.
13:15 of 2nd period - Stopped by Pavel Francouz without a rebound.
13:16 of 2nd period - Robert Nilsson wins face-off versus Evander Kane in Maple Leafs zone.
13:25 of 2nd period - Snap shot by Denis Gurianov.
13:25 of 2nd period - Shot Misses the Net.
13:43 of 2nd period - Tyler Myers is hit by Bo Horvat and loses puck.
13:50 of 2nd period - Snap shot by Jason Zucker.
13:50 of 2nd period - Stopped by Petr Mrazek without a rebound.
13:51 of 2nd period - Robert Nilsson wins face-off versus Bo Horvat in Canucks zone.
14:00 of 2nd period - Wrist shot by Denis Gurianov.
14:00 of 2nd period - Shot Misses the Net.
14:43 of 2nd period - Wrist shot by Tye McGinn.
14:43 of 2nd period - Stopped by Petr Mrazek without a rebound.
14:44 of 2nd period - Derek Roy wins face-off versus Patrice Cormier in Canucks zone.
14:50 of 2nd period - Derek Roy beats up Jon Merrill.
14:50 of 2nd period - Penalty to Derek Roy for Fighting.
14:50 of 2nd period - Penalty to Jon Merrill for Fighting.
14:51 of 2nd period - Elias Pettersson wins face-off versus Alexander Kerfoot in Canucks zone.
15:27 of 2nd period - Slapshot by Denis Gurianov.
15:27 of 2nd period - Stopped by Pavel Francouz without a rebound.
15:28 of 2nd period - Aleksander Barkov wins face-off versus Alexander Kerfoot in Maple Leafs zone.
15:33 of 2nd period - Tony DeAngelo is hit by Pontus Aberg and loses puck.
15:58 of 2nd period - Snap shot by Elias Pettersson.
15:58 of 2nd period - Stopped by Petr Mrazek without a rebound.
15:59 of 2nd period - Alexander Kerfoot wins face-off versus Elias Pettersson in Canucks zone.
16:03 of 2nd period - Off-side.
16:04 of 2nd period - Elias Pettersson wins face-off versus Alexander Kerfoot in neutral zone.
16:14 of 2nd period - Snap shot by Elias Pettersson.
16:14 of 2nd period - Stopped by Petr Mrazek without a rebound.
16:15 of 2nd period - Elias Pettersson wins face-off versus Alexander Kerfoot in Canucks zone.
16:18 of 2nd period - Snap shot by Evander Kane.
16:18 of 2nd period - Shot Misses the Net.
16:26 of 2nd period - Snap shot by Evander Kane.
16:26 of 2nd period - Stopped by Petr Mrazek with a rebound.
16:28 of 2nd period - Slapshot by Brenden Dillon.
16:28 of 2nd period - Shot Blocked by Alexander Kerfoot.
16:30 of 2nd period - Slapshot by Zach Werenski.
16:30 of 2nd period - Deflect By Oliver Ekman-Larsson.
16:30 of 2nd period - Stopped by Petr Mrazek without a rebound.
16:31 of 2nd period - Bo Horvat wins face-off versus Alexander Kerfoot in Canucks zone.
18:02 of 2nd period - Oliver Ekman-Larsson is hit by Bo Horvat and loses puck.
18:31 of 2nd period - Brent Seabrook is hit by Aleksander Barkov and loses puck.
18:52 of 2nd period - Snap shot by Tye McGinn.
18:52 of 2nd period - Shot Misses the Net.
18:54 of 2nd period - Snap shot by Tye McGinn.
18:54 of 2nd period - Shot Blocked by Denis Gurianov.
19:03 of 2nd period - Minor Penalty to Chris Bourque for Roughing.
19:04 of 2nd period - J.T. Miller wins face-off versus Bo Horvat in Canucks zone.
19:04 of 2nd period - J.T. Miller is hit by Zach Werenski.
19:13 of 2nd period - Oliver Ekman-Larsson is hit by Andre Burakovsky.
19:21 of 2nd period - Oliver Ekman-Larsson is hit by Jason Zucker and loses puck.
19:42 of 2nd period - Slapshot by John Klingberg.
19:42 of 2nd period - Stopped by Petr Mrazek without a rebound.
19:43 of 2nd period - Robert Nilsson wins face-off versus Aleksander Barkov in Canucks zone.
19:43 of 2nd period - Robert Nilsson is hit by Brenden Dillon.
19:50 of 2nd period - Penalty to Derek Roy is over, Derek Roy is back on ice.
19:53 of 2nd period - Ben Smith is hit by Robert Nilsson and loses puck.
Goals for this period are 0 for Maple Leafs vs 0 for Canucks.
Shots for this period are 10 for Maple Leafs vs 7 for Canucks.
3rd period
0:01 of 3rd period - Robert Nilsson wins face-off versus Bo Horvat in neutral zone.
0:16 of 3rd period - Snap shot by Bo Horvat.
0:16 of 3rd period - Stopped by Petr Mrazek without a rebound.
0:17 of 3rd period - Robert Nilsson wins face-off versus Bo Horvat in Canucks zone.
0:17 of 3rd period - Robert Nilsson is hit by Jason Zucker.
0:47 of 3rd period - J.T. Miller is hit by John Klingberg and loses puck.
1:03 of 3rd period - Penalty to Chris Bourque is over, Chris Bourque is back on ice.
1:38 of 3rd period - Ilya Kovalchuk is hit by Pontus Aberg and loses puck.
1:49 of 3rd period - Ben Smith is hit by Alex Tuch and loses puck.
2:08 of 3rd period - Alex Tuch is hit by Jason Zucker and loses puck.
2:27 of 3rd period - Alex Tuch is hit by Nicholas Baptiste and loses puck.
2:40 of 3rd period - Slapshot by Oliver Ekman-Larsson.
2:40 of 3rd period - Shot Blocked by Zach Werenski.
2:46 of 3rd period - Gilbert Brule is hit by Zach Werenski and loses puck.
2:59 of 3rd period - Elias Pettersson is hit by J.T. Miller and loses puck.
4:06 of 3rd period - Patrice Cormier is hit by Brent Seabrook and loses puck.
4:17 of 3rd period - J.T. Miller is hit by Luke Schenn and loses puck.
4:38 of 3rd period - Evander Kane is hit by Alexander Kerfoot.
5:12 of 3rd period - Slapshot by Evander Kane.
5:12 of 3rd period - Shot Misses the Net.
5:33 of 3rd period - Minor Penalty to Evander Kane for Tripping.
5:34 of 3rd period - Aleksander Barkov wins face-off versus Robert Nilsson in Maple Leafs zone.
5:34 of 3rd period - Aleksander Barkov is hit by Oliver Ekman-Larsson.
6:21 of 3rd period - Travis Hamonic is hit by Bo Horvat and loses puck.
6:32 of 3rd period - Snap shot by Denis Gurianov.
6:32 of 3rd period - Stopped by Pavel Francouz without a rebound.
6:33 of 3rd period - Aleksander Barkov wins face-off versus Gilbert Brule in Maple Leafs zone.
7:33 of 3rd period - Penalty to Evander Kane is over, Evander Kane is back on ice.
8:02 of 3rd period - Slapshot by Aleksander Barkov.
8:02 of 3rd period - Goal by Aleksander Barkov - Maple Leafs : 1 - Canucks : 4.
8:03 of 3rd period - Bo Horvat wins face-off versus Alexander Kerfoot in neutral zone.
8:20 of 3rd period - Slapshot by Tony DeAngelo.
8:20 of 3rd period - Deflect By Alexander Kerfoot.
8:20 of 3rd period - Shot Misses the Net.
8:20 of 3rd period - Puck is out of play.
8:21 of 3rd period - Robert Nilsson wins face-off versus Tye McGinn in Maple Leafs zone.
8:33 of 3rd period - Slapshot by Tye McGinn.
8:33 of 3rd period - Shot Misses the Net.
8:47 of 3rd period - Travis Hamonic is hit by Evander Kane and loses puck.
8:58 of 3rd period - Slapshot by Elias Pettersson.
8:58 of 3rd period - Stopped by Petr Mrazek with a rebound.
9:00 of 3rd period - Slapshot by Elias Pettersson.
9:00 of 3rd period - Stopped by Petr Mrazek without a rebound.
9:01 of 3rd period - Bo Horvat wins face-off versus Lawson Crouse in Canucks zone.
9:42 of 3rd period - Snap shot by Evander Kane.
9:42 of 3rd period - Deflect By Elias Pettersson.
9:42 of 3rd period - Stopped by Petr Mrazek with a rebound.
10:24 of 3rd period - Snap shot by Tye McGinn.
10:24 of 3rd period - Shot Blocked by Denis Gurianov.
11:09 of 3rd period - Derek Roy is hit by Brandon Saad and loses puck.
11:18 of 3rd period - Snap shot by Pontus Aberg.
11:18 of 3rd period - Shot Misses the Net.
11:38 of 3rd period - Lawson Crouse is hit by Brenden Dillon and loses puck.
12:13 of 3rd period - Slapshot by Alex Tuch.
12:13 of 3rd period - Shot Blocked by Aleksander Barkov.
12:15 of 3rd period - Wrist shot by Gilbert Brule.
12:15 of 3rd period - Deflect By Teemu Hartikainen.
12:15 of 3rd period - Shot Misses the Net.
12:15 of 3rd period - Puck is out of play.
12:16 of 3rd period - Alexander Kerfoot wins face-off versus Aleksander Barkov in Maple Leafs zone.
12:25 of 3rd period - Slapshot by J.T. Miller.
12:25 of 3rd period - Stopped by Pavel Francouz with a rebound.
12:29 of 3rd period - Snap shot by Alexander Kerfoot.
12:29 of 3rd period - Deflect By J.T. Miller.
12:29 of 3rd period - Shot Misses the Net.
12:29 of 3rd period - Puck is out of play.
12:30 of 3rd period - Alexander Kerfoot wins face-off versus Bo Horvat in Maple Leafs zone.
12:57 of 3rd period - Zach Werenski is hit by Robert Nilsson and loses puck.
13:26 of 3rd period - Snap shot by Zach Werenski.
13:26 of 3rd period - Deflect By Aleksander Barkov.
13:26 of 3rd period - Shot Misses the Net.
13:26 of 3rd period - Puck is out of play.
13:27 of 3rd period - Alexander Kerfoot wins face-off versus Bo Horvat in Canucks zone.
13:27 of 3rd period - Alexander Kerfoot is hit by Bo Horvat.
13:37 of 3rd period - Bo Horvat is hit by J.T. Miller and loses puck.
13:44 of 3rd period - Slapshot by John Klingberg.
13:44 of 3rd period - Shot Misses the Net.
14:19 of 3rd period - Derek Roy is hit by Patrice Cormier and loses puck.
14:45 of 3rd period - Brandon Saad is hit by Teemu Hartikainen and loses puck.
15:10 of 3rd period - Slapshot by Andre Burakovsky.
15:10 of 3rd period - Deflect By Bo Horvat.
15:10 of 3rd period - Stopped by Petr Mrazek with a rebound.
15:25 of 3rd period - Snap shot by Ben Smith.
15:25 of 3rd period - Deflect By Elias Pettersson.
15:25 of 3rd period - Goal by Elias Pettersson - Maple Leafs : 2 - Canucks : 4.
15:26 of 3rd period - Aleksander Barkov wins face-off versus Alexander Kerfoot in neutral zone.
15:35 of 3rd period - Wrist shot by Aleksander Barkov.
15:35 of 3rd period - Stopped by Petr Mrazek with a rebound.
16:02 of 3rd period - Bo Horvat is hit by Robert Nilsson.
16:03 of 3rd period - Icing by Bo Horvat.
16:04 of 3rd period - Alexander Kerfoot wins face-off versus Bo Horvat in Maple Leafs zone.
16:19 of 3rd period - Snap shot by Alexander Kerfoot.
16:19 of 3rd period - Shot Blocked by John Klingberg.
16:29 of 3rd period - Andre Burakovsky is hit by Robert Nilsson.
16:49 of 3rd period - Ilya Kovalchuk is hit by John Klingberg and loses puck.
16:56 of 3rd period - Wrist shot by Aleksander Barkov.
16:56 of 3rd period - Shot Misses the Net.
16:58 of 3rd period - Wrist shot by Pontus Aberg.
16:58 of 3rd period - Stopped by Petr Mrazek with a rebound.
17:00 of 3rd period - Snap shot by Brandon Saad.
17:00 of 3rd period - Shot Misses the Net.
17:31 of 3rd period - Icing by Alexander Kerfoot.
17:32 of 3rd period - Robert Nilsson wins face-off versus Patrice Cormier in Canucks zone.
18:06 of 3rd period - Snap shot by Nicholas Baptiste.
18:06 of 3rd period - Goal by Nicholas Baptiste - Maple Leafs : 3 - Canucks : 4.
18:07 of 3rd period - Alexander Kerfoot wins face-off versus Aleksander Barkov in neutral zone.
18:22 of 3rd period - Oliver Ekman-Larsson is hit by Brandon Saad and loses puck.
18:38 of 3rd period - Slapshot by Brent Seabrook.
18:38 of 3rd period - Stopped by Pavel Francouz without a rebound.
18:39 of 3rd period - Jason Zucker wins face-off versus Alexander Kerfoot in Maple Leafs zone.
19:08 of 3rd period - John Klingberg is hit by J.T. Miller and loses puck.
19:11 of 3rd period - Maple Leafs, Pavel Francouz is pulled from the net.
19:17 of 3rd period - Wrist shot by Andre Burakovsky.
19:17 of 3rd period - Stopped by Petr Mrazek without a rebound.
19:18 of 3rd period - Marc Crawford call a timeout for Maple Leafs.
19:18 of 3rd period - Alexander Kerfoot wins face-off versus Bo Horvat in Canucks zone.
19:20 of 3rd period - Minor Penalty to Denis Gurianov for Holding.
19:21 of 3rd period - Bo Horvat wins face-off versus Robert Nilsson in Canucks zone.
19:23 of 3rd period - Backhand shot by John Klingberg.
19:23 of 3rd period - Shot Misses the Net.
19:33 of 3rd period - Slapshot by Jason Zucker.
19:33 of 3rd period - Deflect By Oliver Ekman-Larsson.
19:33 of 3rd period - Shot Misses the Net.
19:33 of 3rd period - Puck is out of play.
19:34 of 3rd period - Robert Nilsson wins face-off versus Bo Horvat in Canucks zone.
19:43 of 3rd period - J.T. Miller is hit by Andre Burakovsky.
Goals for this period are 3 for Maple Leafs vs 0 for Canucks.
Shots for this period are 11 for Maple Leafs vs 3 for Canucks.